Cogmind - Beta 15 @@@ ROGUE MODE // 2025.07.07 @ 15:06:27 Player: the Result: Destroyed by D-53 Grenadier with Mini Grenade Launcher Performance ------------- Evolutions (0) 0 Regions Visited (2) 400 Robots Destroyed (34) 170 Value Destroyed (803) 803 Prototype IDs (0) 0 Alien Tech Used (0) 0 Bonus (0) 0 TOTAL SCORE: 1373 Bonus ------- None Cogmind --------- Core Integrity 0/250 Matter 300/300 Energy 100/100 System Corruption 1% Temperature Cool (0) Movement Rolling (110) Ox2 Location -10/Mines Parts ------- > --- POWER (1) -------- (None) > --- PROPULSION (2) --- Wheel > --- UTILITY (2) ------ Improved Heat Sink Large Storage Unit > --- WEAPON (2) ------- Subdweller Beam Cannon > --- INVENTORY (15) --- Ion Engine Ion Engine Wheel Wheel Improved Heat Sink Improved Heat Sink High-capacity Battery (250) High-capacity Matter Pod (200) Structural Scanner Seismic Detector Seismic Detector Light Armor Plating Medium Laser Particle Gun Mining Laser Peak State ------------ > --- POWER ------------ Ion Engine > --- PROPULSION ------- Wheel Wheel > --- UTILITY ---------- Improved Heat Sink Large Storage Unit > --- WEAPON ----------- Subdweller Beam Cannon Grenade Launcher > --- INVENTORY -------- Ion Engine Ion Engine Wheel Wheel Improved Heat Sink Improved Heat Sink High-capacity Battery High-capacity Matter Pod Structural Scanner Seismic Detector Seismic Detector Light Armor Plating Medium Laser Particle Gun Mining Laser [Rating: 12] Favorites ----------- Power Ion Engine Engine Ion Engine Propulsion Wheel Treads Light Treads Wheel Wheel Utility Seismic Detector Device Seismic Detector Storage Large Storage Unit Protection Light Armor Plating Weapon Medium Laser Energy Gun Medium Laser Energy Cannon Subdweller Beam Cannon Ballistic Gun Assault Rifle Launcher Grenade Launcher Special Weapon Mining Laser Build | -11 -10 -10 ------- Run | Yrd Mat Min Slots Evolved . | . . . Power . | . . . Propulsion . | . . . Utility . | . . . Weapon . | . . . Parts Attached 31 | 7 18 6 Power 5 | 1 4 . Engine 5 | 1 4 . Core . | . . . Reactor . | . . . Propulsion 6 | 2 3 1 Treads 2 | 2 . . Leg . | . . . Wheel 4 | . 3 1 Hover . | . . . Flight . | . . . Utility 10 | 2 5 3 Device 7 | 1 4 2 Storage 2 | 1 1 . Processor . | . . . Hackware . | . . . Protection 1 | . . 1 Artifact . | . . . Weapon 10 | 2 6 2 Energy Gun 2 | . 2 . Energy Cannon 1 | . . 1 Ballistic Gun 3 | 2 1 . Ballistic Cannon . | . . . Launcher 1 | . . 1 Special Weapon 3 | . 3 . Impact Weapon . | . . . Slashing Weapon . | . . . Piercing Weapon . | . . . Special Melee Weapon . | . . . Unidentified Prototypes . | . . . Parts Lost 3 | . . 3 Power 1 | . . 1 Propulsion 1 | . . 1 Utility . | . . . Weapon 1 | . . 1 Highest Loss Streak 3 | . . 3 To Critical Strikes . | . . . Average Backups 12 | 3 13 15 Power 1 | . 1 2 Propulsion 2 | 1 1 2 Utility 6 | . 6 7 Weapon 2 | . 2 3 Tool/Special . | . . . Unused Backups 15 | 1 5 9 Power 2 | . 1 1 Propulsion 3 | 1 . 2 Utility 10 | . 4 6 Weapon . | . . . Tool/Special . | . . . Average Slot Usage (%) 99 | . 99 96 Engine 13 | . 14 13 Treads 3 | . 3 . Wheel 24 | . 24 26 Device 13 | . 14 11 Storage 14 | . 14 14 Energy Gun 19 | . 21 4 Energy Cannon 1 | . . 11 Ballistic Gun 3 | . 3 . Launcher 1 | . . 11 Special Weapon 2 | . 2 . Peak Build Rating 12 | 7 9 12 Average Rating 8 | 5 8 10 On Entrance 5 | . 7 9 Naked Turns . | . . . Heaviest Build 39 | 12 31 39 Greatest Support 40 | 40 40 20 Greatest Overweight (x) 1 | 1 1 1 Average Overweight (x) . | . . 1 Largest Inventory Capacity 15 | 8 15 15 Average Capacity 13 | 7 13 15 Most Carried 15 | 8 15 15 Average Carried 12 | 3 13 14 Final Capacity 15 | 8 15 15 Final Carried 15 | 6 15 15 Class Distribution -------------------- 90% | Mutant 9% | Scavenger-Mutant Dominant Class ---------------- Mutant | -10/Materials Scavenger-Mutant | -10/Mines Resources | -11 -10 -10 ----------- Run | Yrd Mat Min Matter Collected 1316 | 278 858 180 Remotely . | . . . Salvage Created 1098 | 146 590 362 Parts 69 | 12 33 24 Haulers Intercepted 1 | . 1 . Recyclers Shooed 3 | . 2 1 Parts Field Recycled . | . . . Retrieved Matter . | . . . Parts Self-Destructed . | . . . Prevented . | . . . Kills | -11 -10 -10 ------- Run | Yrd Mat Min Combat Hostiles Destroyed 20 | . 10 10 Guns 9 | . 9 . Cannons 4 | . . 4 AOE 5 | . . 5 Classes Destroyed 8 | 2 5 1 Builder 2 | . 1 1 Tunneler 5 | 3 2 . Hauler 1 | . 1 . Recycler 3 | 1 2 . Mechanic 2 | . . 2 Watcher 1 | . 1 . Swarmer 3 | . 3 . Grunt 17 | . 7 10 Best Kill Streak 6 | 3 3 6 Combat Bots Only 4 | . 3 4 Max Kills in Single Turn 4 | 1 1 4 Gunslinging . | . . . Exploded 3 | . . 3 Melee . | . . . Uniques/NPCs Destroyed . | . . . Combat | -11 -10 -10 -------- Run | Yrd Mat Min Hostile Shots Fired 82 | . 53 29 Missed 19 | . 14 5 Hits 63 | . 39 24 Projectile 63 | . 39 24 AOE 4 | . . 4 Critical Strikes 1 | . 1 . Damage Taken 875 | . 451 424 Core 292 | . 118 174 Absorbed by Shields . | . . . Regen/Repaired (Parts) 35 | . 35 . Core Remaining (%) 100 | 100 . . Volleys Fired 117 | 11 86 20 Largest 2 | 2 2 2 Hottest 115 | 40 115 110 Shots Fired 188 | 22 141 25 Gun 133 | 22 111 . Cannon 20 | . . 20 Launcher 5 | . . 5 Special 30 | . 30 . Kinetic 68 | 22 46 . Thermal 115 | . 95 20 Explosive 5 | . . 5 Electromagnetic . | . . . Robot Hit Streak 16 | 14 16 7 Robot Miss Streak 6 | 1 6 3 Penetration Max . | . . . Secondary Targets 2 | . 2 . Max Gunslinging Chain 1 | . 1 . Shots Hit Robots 102 | 17 69 16 Core Hits 49 | 6 24 19 Critical Kills 1 | . . 1 Critical Parts Destroyed . | . . . Critical Strikes 3 | . 2 1 Burn 2 | . 2 . Meltdown 1 | . . 1 Melee Attacks . | . . . Impact . | . . . Slashing . | . . . Piercing . | . . . Sneak Attacks . | . . . Combat Hostiles . | . . . Follow-up Attacks . | . . . Damage Inflicted 2179 | 170 971 1038 Guns 1117 | 170 947 . Cannons 370 | . . 370 Explosions 668 | . . 668 Melee . | . . . Ramming . | . . . Kinetic 483 | 170 313 . Thermal 1052 | . 658 394 Explosive 644 | . . 644 Electromagnetic . | . . . Impact . | . . . Slashing . | . . . Piercing . | . . . Highest Corruption 1 | . 1 1 Average Corruption 1 | . 1 1 Corruption Purged . | . . . Corruption Blocked . | . . . Effects 10 | . 8 2 Message Errors 4 | . 3 1 Matter Fused 1 | . 1 . Heat Flow Errors 1 | . 1 . Energy Discharges 1 | . 1 . Parts Rejected 1 | . . 1 Data Loss (major) 2 | . 2 . Overload Shots . | . . . Overflow Damage 48 | . . 48 Projectiles 46 | . . 46 Explosions 2 | . . 2 Melee . | . . . Knockbacks . | . . . Impact . | . . . Kinetic . | . . . Secondary . | . . . Self-Inflicted Damage 25 | . . 25 Shots 2 | . . 2 Rammed . | . . . Targets Rammed . | . . . Kicked . | . . . Crushed . | . . . Highest Temperature 327 | . 327 192 Average Temperature 65 | . 59 85 Received Heat Transfer 315 | . 195 120 Siege Activations . | . . . Martial Activations . | . . . Shielding Activations . | . . . Robots Disrupted . | . . . Combat Hostiles . | . . . Robots Corrupted . | . . . Combat Hostiles . | . . . Parts Fried . | . . . Impact Corruptions . | . . . Robots Melted 2 | . 1 1 Combat Hostiles 2 | . 1 1 Parts Melted 5 | . 4 1 Heat Transferred 2320 | . 1789 531 Parts Sabotaged . | . . . Parts Stolen . | . . . Parts Stripped . | . . . Power Chain Reactions . | . . . Alert | -11 -10 -10 ------- Run | Yrd Mat Min Maximum Alert Level 1 | . . 1 Low Security (%) 96 | 100 100 58 Level 1 3 | . . 41 Level 2 . | . . . Level 3 . | . . . Level 4 . | . . . Level 5 . | . . . High Security . | . . . Max Security . | . . . Peak Influence 236 | 10 72 236 Initial 10 | . . 10 Average 26 | 1 15 149 Influence Increases 695 | 20 379 296 Destroy 0b10 Robot/C 400 | . 200 200 Destroy 0b10 Robot/NC 70 | 20 35 15 Destroy Leader 74 | . 44 30 Allied During Kill 5 | . . 5 Successful Hack 44 | . 44 . Disable Machine 15 | . . 15 Destroy Structure 57 | . 26 31 Lose Combat Pursuer 30 | . 30 . Influence Decreases 519 | 20 352 147 Entered New Map 17 | . . 17 Time Decay 451 | 20 351 80 Lost Part 30 | . . 30 Lost Ally 20 | . . 20 Purge Threat 1 | . 1 . Squads Dispatched 2 | . . 2 Investigation . | . . . Extermination . | . . . Reinforcement . | . . . Assault 2 | . . 2 Garrison . | . . . Intercept . | . . . Searches Triggered . | . . . Construction Impeded . | . . . Haulers Reinforced . | . . . Active Scanning Responses . | . . . Cargo Convoy Interrupts . | . . . Stealth | -11 -10 -10 --------- Run | Yrd Mat Min Distress Signals 2 | . 2 . Communications Jammed . | . . . Distress Signals . | . . . Times Spotted 38 | . 24 14 Peak Tracking Total 4 | . 3 4 Tactical Retreats 2 | . 2 . Traps | -11 -10 -10 ------- Run | Yrd Mat Min Traps Triggered 1 | . 1 . Indirectly . | . . . Trap Hack Attempts . | . . . Triggered . | . . . Disarmed 1 | . 1 . Reprogrammed . | . . . Reused . | . . . Traps Extracted . | . . . Installed . | . . . Triggered . | . . . Machines | -11 -10 -10 ---------- Run | Yrd Mat Min Machines Disabled 1 | . . 1 Max in Single Turn 1 | . . 1 Machines Repaired . | . . . Machines Dismantled . | . . . Machines Sabotaged . | . . . Overloaded Fab Kills . | . . . Hacking | -11 -10 -10 --------- Run | Yrd Mat Min Machines Accessed 11 | . 11 . Terminals 8 | . 8 . Fabricators . | . . . Repair Stations 1 | . 1 . Recycling Units 2 | . 2 . Scanalyzers . | . . . Garrison Access . | . . . Total Hacks 32 | . 32 . Successful 19 | . 19 . Failed 12 | . 12 . Catastrophic 2 | . 2 . Database Lockouts 1 | . 1 . Manual 12 | . 12 . Terminals 26 | . 26 . Fabricators . | . . . Repair Stations 3 | . 3 . Recycling Units 3 | . 3 . Scanalyzers . | . . . Garrison Access . | . . . Terminal Hacks 13 | . 13 . Robot Analysis 1 | . 1 . Terminal Index 1 | . 1 . Alert Level 3 | . 3 . Unreport Threat 1 | . 1 . Locate Traps 1 | . 1 . Disarm Traps 1 | . 1 . Investigation Status 1 | . 1 . Hauler Manifests 1 | . 1 . Registered Components 1 | . 1 . Zone Layout 2 | . 2 . Fabricator Hacks . | . . . Repair Station Hacks 2 | . 2 . Scan Component 1 | . 1 . Repair 1 | . 1 . Recycling Unit Hacks 1 | . 1 . Retrieve Components 1 | . 1 . Scanalyzer . | . . . Garrison Access Hacks . | . . . Unauthorized Hacks 3 | . 3 . Terminals 3 | . 3 . Botnet 3 | . 3 . Fabricators . | . . . Repair Stations . | . . . Recycling Units . | . . . Scanalyzers . | . . . Garrison Access . | . . . Data Cores Recovered . | . . . Used . | . . . Hacking Detections 10 | . 10 . Full Trace Events 1 | . 1 . Feedback Events . | . . . Feedback Blocked . | . . . Robot Schematics Acquired . | . . . Robots Built . | . . . Authchips . | . . . Time . | . . . Total Robot Build Rating . | . . . Part Schematics Acquired . | . . . Parts Built . | . . . Authchips . | . . . Time . | . . . Total Part Build Rating . | . . . Parts Repaired 1 | . 1 . Time 26 | . 26 . Parts Recycled . | . . . Recycled Matter . | . . . Retrieved Matter . | . . . Retrieved Components 9 | . 9 . Parts Scanalyzed . | . . . Part Schematics Acquired . | . . . Parts Damaged . | . . . Bothacking | -11 -10 -10 ------------ Run | Yrd Mat Min Used RIF Installer . | . . . Robots Hacked . | . . . Non-combat . | . . . Combat . | . . . Robot Hacks Applied . | . . . Relay Couplers Released . | . . . Fabnet Peak Effective % . | . . . Robots Rewired . | . . . Allies Hacked . | . . . Hacks Repelled . | . . . Allies | -11 -10 -10 -------- Run | Yrd Mat Min Total Allies 1 | . . 1 Largest Group 1 | . . 1 Highest-Rated Group 31 | . . 31 Highest-Rated Ally 31 | . . 31 Total Orders . | . . . Ally Attacks 7 | . . 7 Total Damage 103 | . . 103 Kills . | . . . Allies Corrupted . | . . . Allies Melted . | . . . Intel | -11 -10 -10 ------- Run | Yrd Mat Min Active Infowar (turns) 1658 | 39 1568 51 Terrain 2 | . . 2 Seismic 1656 | 39 1568 49 Robot Analysis Total 1 | . 1 . Derelict Logs Recovered . | . . . Drone Launches . | . . . Drone Recoveries . | . . . Exploration | -11 -10 -10 ------------- Run | Yrd Mat Min Turns Passed 1969 | 130 1664 175 Spaces Moved 1067 | 49 907 111 Core 5 | 5 . . Treads 115 | 44 71 . Legs . | . . . Wheels 947 | . 836 111 Hover . | . . . Flight . | . . . Fastest Speed 50 | 50 80 95 Average Speed 101 | 152 99 95 Slowest Speed 160 | 160 160 95 Overloaded Moves . | . . . Propulsion Burnouts . | . . . Robots Hopped . | . . . Potential Cave-ins . | . . . Cave-ins Triggered . | . . . Exploration Rate (%) 43 | 6 99 24 Regions Visited 2 Branch Regions 1 Pre-discovered Areas . | . . . Known Exits Taken . | . . . Unknown Exits Taken 2 | 1 1 . Scrap Searched . | . . . Spaces Dug 20 | . 20 . Terrain Destroyed 66 | . 27 39 Melee . | . . . Projectile 32 | . 27 5 AOE 34 | . . 34 Terrain Rammed . | . . . Walls Destroyed . | . . . Machines Disabled . | . . . Actions | -11 -10 -10 --------- Run | Yrd Mat Min Total 1707 | 82 1473 152 Wait 408 | 4 399 5 Move 1065 | 48 906 111 Hop . | . . . Pick Up 34 | 9 23 2 Fast Attach 10 | 7 1 2 Attach 4 | . 4 . Detach . | . . . Swap 43 | . 34 9 Drop 26 | 3 20 3 Fire 117 | 11 86 20 Melee . | . . . Ram . | . . . Kick . | . . . Crush . | . . . Escape Stasis . | . . . Rewire . | . . . Trap . | . . . Miscellaneous . | . . . Route ------- -11/Scrapyard -10/Materials (discovered 5 exits: [*Mat x3] / [*Min] / [*Sub]) -10/Mines History --------- Turn | Location | Event 18 | -11/Scrapyard | Discovered new exit (range 16) 131 | -11/Scrapyard | Entered Materials 300 | -10/Materials | Build established: Mutant 490 | -10/Materials | Discovered new exit (range 7) 578 | -10/Materials | Discovered new exit (range 3) 845 | -10/Materials | Discovered new exit (range 10) 966 | -10/Materials | Central database locked down 1029 | -10/Materials | Discovered new exit (range 8) 1064 | -10/Materials | Discovered new exit (range 16) 1098 | -10/Materials | Repaired Med. Laser 1231 | -10/Materials | Derelicts attacked the area 1795 | -10/Materials | Entered Mines 1796 | -10/Mines | Met a Derelict testing a Signal Generator 1852 | -10/Mines | Core integrity fell below 50% 1896 | -10/Mines | Core integrity fell below 20% 1954 | -10/Mines | Assembled infested the area 1970 | -10/Mines | Destroyed by D-53 Grenadier with Mini Grenade Launcher Last Messages --------------- 01925_ Acquired 2 matter. 01926_ U-05 Engineer lays Concrete. 01930_ U-05 Engineer builds a Wall. 01931_ U-05 Engineer lays Concrete. 01938_ U-05 Engineer builds a Wall. 01938_ U-05 Engineer lays Concrete. 01942_ U-05 Engineer builds a Wall. 01942_ U-05 Engineer lays Concrete. 01952_ F />HXSLRVVEFN4XCW7M8 01954_ ALERT: Infestation in the mines, dispatching Demolisher response squad. 01964_ U-05 Engineer lays Concrete. 01966_ U-05 Engineer builds a Wall. 01966_ C-30 ARC bursts open, deploying its payload. 01966_ D-53 Grenadier unfolds itself. 01966_ Ion Engine destroyed. 01966_ Grenade Launcher destroyed. 01966_ R-06 Scavenger destroyed. 01970_ Wheel destroyed. Map ----- +----------------------------------------------------+ | ?????????????????????????# ### #????????????? | | ????????????????????????## ##& #????????????? | | ????????????????????????# ## #???###??????? | | ???????????????????????## ### #??# #??????? | | ??????????????????????## #### ### #??????? | | ?????????????????????## ### ## #??????? | | ????????????????????## ##??????? | | ????????????????????# == ###???????? | | ???????????????????## ! * [ ##?????????? | | ??????????????????## % %% = #??????????? | | ????????????????### #### ""# ##??????????? | | ????????????????# # ##%[!= "######???????????? | | ????????????????# %%!### # ##????????????????? | | ???????????????## % #########?????????????????? | | ??????????????## * ##???????????????????????? | | ?????????# ###### ##??????????????????????? | | ?????????# "%% = ##?????????????????????? | | ???????# ###### dd ##????????????????????? | | ??????# ???????# # #######??????????????? | | ???????????????### *%* ##?????????????? | | ???????????????##u = #?????????????? | | ??????????????## #?????????????? | | ??????????????# # ##?????????????? | | ??????????????# #?####??????????????? | | ??????????????# #???????????????????? | | ??????????????## ## @ #???????????????????? | | ???????????????## ##### #???????????????????? | | ????????????????####???## ##???????????????????? | | ????????????????????????# #????????????????????? | | ???????????????????###### ##???????????????????? | | ??????????????????## #???????????????????? | | ??????????????????# ##??????????????????? | | ??????????????????## #### #??????????????????? | | ???????????????????# ????## #?????????????????? | | ???????????????????#??????# #?????????????????? | | ?????????????????????????? ##?????????????????? | | ?????????????????????????? #??????????????????? | | ?????????????????????????? #??????????????????? | | ?????????????????????????? ??????????????????? | | ?????????????????????????# ??????????????????? | | ?????????????????????????# #?????????????????? | | ????????????????????????? #?????????????????? | | ????????????????????????? ?????????????????? | | ????????????????????????? ?????????????????? | | ????????????????????????? ?????????????????? | | ????????????????????????? ?????????????????? | | ?????????????????????????# ????????????????? | | ??????????????????????????####??????????????????? | | ????????????????????????????????????????????????? | | ????????????????????????????????????????????????? | +----------------------------------------------------+ Best States ------------- Heat Dissipation 39 Energy Generation 10 Energy Capacity 250 Matter Stores 300 Matter Capacity 300 Sight Range 16 Terrain Scan Density 10 Armor Coverage 150 Evasion (%) 44 Recoil Reduction 2 Item Schematics ----------------- None Robot Schematics ------------------ None Fabricated ------------ Nothing Repaired ---------- Med. Laser | 50% | -10/Materials Alien Tech Used ----------------- None Achievements -------------- None Challenges ------------ None Game ------ Seed MediumSigixDiverter Manual? 0 Play Time 00:27:46 Cumulative 175.8 hours Start 2025.07.07 @ 14:38:19 End 2025.07.07 @ 15:06:27 Sessions 1 Manual Loads 0 Difficulty Rogue Special Mode None Game No. 124 Rogue 124 Adventurer 0 Explorer 0 Win Type - Total 2 Types 2/0/0/0/0/0/0/0/0/0 Lore% 60 Gallery% 56 Achievement% 50 Wizard Run 0 Options --------- Layout 1 ASCII 0 Keyboard 0 Movement Mouse Keybinds 0 Fullscreen 1 Font 32/SmallcapsGlow Map View 50x35 Zoom Use 0% Tactical HUD 1 Map Filters NONE Filters NONE Steam 1 RUN: c14d8e27-74a3-45ad-bf2d-c75901b83384